[Event "*** Titled Tuesday Blitz"]
[Site "Chess.com"]
[Date "2020.05.26"]
[Round "4"]
[White "Gogolev_Artemy"]
[Black "albi1999"]
[Result "0-1"]
[WhiteElo "2438"]
[BlackElo "2613"]
[TimeControl "180+1"]
[EndTime "10:39:15 PDT"]
[Termination "albi1999 won on time"]

1. d4 d5 2. c4 e6 3. Nf3 Nf6 4. g3 Bb4+ 5. Nbd2 dxc4 6. Bg2 b5 7. Ne5 Nd5 8. O-O O-O 9. a4 c6 10. Ne4 f6 11. Nf3 Nd7 12. Bd2 Be7 13. axb5 cxb5 14. Ba5 Qe8 15. b3 Bb7 16. bxc4 bxc4 17. Nfd2 Rc8 18.
Rc1 N7b6 19. Qc2 Qb5 20. Bxb6 Nxb6 21. Nc3 Qd7 22. Bxb7 Qxb7 23. Ra1 Rfd8 24. e3 Nd5 25. Rfb1 Nb4 26. Qe4 Qd7 27. Ra5 Nd5 28. Qc2 Nb6 29. Rba1 Ra8 30. Nb5 a6 31. Nxc4 Nxc4 32. Qxc4 axb5 33.
Qb3 Rxa5 34. Rxa5 b4 35. h4 Rc8 36. h5 Rc1+ 37. Kh2 Qb7 38. Kh3 Rh1+ 39. Kg4 Qe4+ 40.
f4 f5+ 0-1

[Event "*** Titled Tuesday Blitz"]
[Site "Chess.com"]
[Date "2020.05.26"]
[Round "4"]
[White "r31415"]
[Black "Gentle_Emperor"]
[Result "0-1"]
[WhiteElo "2466"]
[BlackElo "2315"]
[TimeControl "180+1"]
[EndTime "10:39:15 PDT"]
[Termination "Gentle_Emperor won by checkmate"]

1. e4 c5 2. Nf3 d6 3. d4 cxd4 4. Nxd4 Nf6 5. Nc3 a6 6. h3 e5 7. Nde2 h5 8. g3 Be7 9. Bg2 b5 10. O-O Bb7 11. a4 b4 12. Nd5 Nxd5 13. exd5 a5 14. c3 Nd7 15. cxb4 axb4 16. Qb3 Ba6 17. Re1 Nc5 18. Qe3 Rb8 19. f4 Bf6 20. fxe5 Bxe5 21.
Nd4 O-O 22. Nc6 Qf6 23. Nxe5 dxe5 24. Qxe5 Qxe5 25. Rxe5 Nb3 26. Rb1 Bd3 27. Re3 Bxb1 28. Rxb3 Bc2 29. Re3 Bxa4 30. Rd3 Bb5 31. Rd4 Rbc8 32.
Bd2 Rc2 33. Bxb4 Re8 34. Bc3 Ra8 35. d6 Ra1+ 36. Kh2 Bf1 37. Rd2 Rxd2 38. Bxd2 Bxg2 39.
Kxg2 Rd1 40. Bb4 Rd3 41. Kf2 f6 42. Bc5 Kf7 43. b4 Ke6 44. Kg2 Kd7 45. g4 h4 46. Kh2 Kc6 47. Kg2 Rd2+ 48. Kf3 Rh2 49.
Kf4 Rxh3 50. Kf5 Rd3 51. Kg6 h3 52. Kxg7 h2 53. Kxf6 h1=Q 54. g5 Qf3+ 55. Kg7 Rd5 56. g6 Rg5 57. Kh7 Qf6 58. g7 Qxg7# 0-1

[Event "*** Titled Tuesday Blitz"]
[Site "Chess.com"]
[Date "2020.05.26"]
[Round "4"]
[White "HanSchut"]
[Black "Susal_De_Silva"]
[Result "1-0"]
[WhiteElo "2168"]
[BlackElo "2372"]
[TimeControl "180+1"]
[EndTime "10:39:15 PDT"]
[Termination "HanSchut won by resignation"]

1. e4 e5 2. Nf3 Nc6 3. Bc4 Nf6 4. d4 exd4 5. e5 d5 6. Bb5 Ne4 7. Nxd4 Bd7 8. Bxc6 bxc6 9. O-O Bc5 10. f3 Ng5 11. Be3 Bb6 12. f4 Ne4 13. Nd2 Nxd2 14. Qxd2 c5 15. Nf3 d4 16. Bf2 Bc6 17. b3 Bxf3 18.
gxf3 O-O 19. f5 Qd5 20. Qf4 Rae8 21. Rae1 f6 22. e6 Kh8 23. Qe4 Qd6 24. Bg3 Qe7 25. a4 Rg8 26. Kh1 g6 27. Rg1 gxf5 28.
Qxf5 Rg5 29. Qf4 c6 30. Bh4 Rxg1+ 31. Rxg1 Bd8 32. Re1 Rg8 33. Qf5 Qg7 34. Bg3 Qe7 35. Bh4 Rg6 36. Rg1 Kg7 37. Rxg6+ hxg6 38. Qe4 Qd6 39. Bg3 Qd5 40. Qxd5 cxd5 41. Bd6 c4 42. bxc4 dxc4 43. e7 Bxe7 44. Bxe7 Kf7 45. Bc5 d3 46. cxd3 cxd3 47. Be3 Ke6 48. Kg2 Kd5 49. Kf2 Kc4 50. Ke1 a5 51. Kd2 Kb3 52. Kxd3 Kxa4 53. h4 Kb3 54. Bd4 f5 55. Ke3 Kc4 56. Bf6 a4 57. Kf4 Kd3 58. Kg5 Ke2 59. f4 Kf3 60. Be5 Kg3 61. Kxg6 Kg4 62. h5 1-0

[Event "*** Titled Tuesday Blitz"]
[Site "Chess.com"]
[Date "2020.05.26"]
[Round "4"]
[White "oykuince"]
[Black "BrizuelaReivis"]
[Result "1-0"]
[WhiteElo "2023"]
[BlackElo "2217"]
[TimeControl "180+1"]
[EndTime "10:39:15 PDT"]
[Termination "oykuince won by resignation"]

1. e4 c5 2. Nf3 d6 3. c3 Nf6 4. h3 Nxe4 5. Qa4+ Bd7 6. Qxe4 Nc6 7. Be2 e6 8. Qc2 Be7 9. O-O O-O 10. d4 cxd4 11. Nxd4 Rc8 12. Nxc6 Bxc6 13. Bd3 h6 14. Nd2 Bf6 15. Ne4 Be7 16. Ng3 Qa5 17.
Bd2 Ba4 18. b3 Bc6 19. c4 Qe5 20. Bc3 Qg5 21. Ne4 Qh4 22. f3 d5 23. Nf2 Bc5 24. Rac1 Be3 25. Rce1 d4 26. Bd2 Bxf2+ 27. Rxf2 b5 28.
c5 Rfd8 29. b4 a6 30. Be4 Bd5 31. Bxd5 Rxd5 32. Re4 Qf6 33. Qd3 Qg6 34. Be1 Rcd8 35. Rd2 e5 36. Bf2 f5 37. Re1 Re8 38. Qb3 Qf7 39.
Bxd4 Red8 40. Bc3 Rxd2 41. Bxd2 Qxb3 42. axb3 Rxd2 43. Rxe5 Rd3 44. c6 Rxb3 45. c7 Rc3 46. Rc5 Rb3 47. c8=Q+ Kh7 48. Qxf5+ 1-0

[Event "*** Titled Tuesday Blitz"]
[Site "Chess.com"]
[Date "2020.05.26"]
[Round "4"]
[White "PlayChessSimple"]
[Black "aleksandrovaleksei"]
[Result "1-0"]
[WhiteElo "2506"]
[BlackElo "2675"]
[TimeControl "180+1"]
[EndTime "10:39:16 PDT"]
[Termination "PlayChessSimple won on time"]

1. e4 e5 2. Nf3 Nc6 3. Nc3 Nf6 4.
Bb5 Bd6 5. d3 h6 6. Ba4 O-O 7. g4 Bc5 8. g5 Ng4 9. Rf1 hxg5 10.
Bxg5 Be7 11. Bxe7 Qxe7 12. Rg1 d6 13. Nd5 Qd8 14. Qd2 Ne7 15. Nxe7+ Qxe7 16. h3 Qf6 17. Rg3 Nh6 18. O-O-O Kh8 19. Rdg1 Rg8 20. Ng5 a5 21. Bb3 a4 22. Rf3 axb3 23. Rxf6 gxf6 24. Nf3 Rxg1+ 25. Nxg1 bxa2 26. Qxh6+ Kg8 27. Nf3 a1=Q+ 28.
Kd2 Qf1 29. Qxf6 Qxf2+ 30. Kc3 Qc5+ 31. Kd2 Qf2+ 32. Kc3 Be6 33. Qg5+ Kf8 34. Qh6+ Ke7 35. Qg5+ Kd7 36. Qf6 Ra6 37. Nxe5+ dxe5 38. Qxf2 Kd6 39. h4 Ra1 40. Qf6 Rh1 41. b4 b6 42. b5 Kd7 43.
Qxe5 Rxh4 44. d4 Rh3+ 45. Kb4 1-0

[Event "*** Titled Tuesday Blitz"]
[Site "Chess.com"]
[Date "2020.05.26"]
[Round "4"]
[White "GMSrinath"]
[Black "RATNAKARAN"]
[Result "1/2-1/2"]
[WhiteElo "2814"]
[BlackElo "2540"]
[TimeControl "180+1"]
[EndTime "10:39:18 PDT"]
[Termination "Game drawn by agreement"]

1. Nf3 g6 2. c4 Bg7 3. d4 Nf6 4. g3 O-O 5. Bg2 d6 6. O-O Nbd7 7. b3 e5 8. dxe5 dxe5 9. Bb2 Qe7 10. Nc3 c6 11.
Ng5 h6 12. Nge4 Rd8 13. Qd6 Bf8 14. Rad1 Nxe4 15. Nxe4 Qxd6 16. Nxd6 f6 17. f4 exf4 18. gxf4 f5 19. e4 fxe4 20. Bxe4 Nc5 21. Nxc8 Rxd1 22. Rxd1 Nxe4 23. Rd8 Kf7 24. Nd6+ Bxd6 25. Rxa8 Bxf4 26. Kg2 Nd6 27. Rxa7 c5 28. b4 cxb4 29. c5 Be3 30. Ra5 Nc4 31. Rb5 Nxb2 32. Rxb7+ Ke6 33.
Rxb4 Bc1 34. c6 Kd6 35. Rb3 Kc7 36. h4 Na4 37. Rb4 Nb6 38. Re4 Kxc6 39. Re6+ Kb5 40. Rxg6 Nd5 41. Kf3 Nc3 42. Rg2 Kb4 43. Kg4 Ka3 44.
Rc2 Nxa2 45. Kh5 Kb3 46. Rc6 Nc3 47. Rxh6 Bxh6 48. Kxh6 Ne4 49. Kg6 Ng3 50. Kg5 Kc4 51.
Kf4 Nh5+ 52. Kg4 Ng7 53. Kg5 Kd5 54. Kg6 Ne6 55. Kf6 Nf4 56. Kf5 Nh5 57. Kg5 Ng3 58. Kg4 1/2-1/2

[Event "*** Titled Tuesday Blitz"]
[Site "Chess.com"]
[Date "2020.05.26"]
[Round "4"]
[White "yobdc"]
[Black "zmeeed67"]
[Result "0-1"]
[WhiteElo "2045"]
[BlackElo "2438"]
[TimeControl "180+1"]
[EndTime "10:39:19 PDT"]
[Termination "zmeeed67 won on time"]

1. e4 Nc6 2. Nf3 d6 3. d4 Nf6 4.
Nc3 Bg4 5. Be3 g6 6. Be2 Bg7 7. h3 Bxf3 8. Bxf3 O-O 9. O-O Nd7 10. Qd2 e5 11. dxe5 Ncxe5 12. Be2 Re8 13. f4 Nc6 14. Bf3 Nc5 15. e5 Ne6 16. Bxc6 bxc6 17. f5 gxf5 18. exd6 cxd6 19. Rxf5 d5 20. Na4 Rb8 21. Raf1 Qe7 22.
Bh6 Qb4 23. Rxf7 Qxd2 24. Bxd2 Bd4+ 25. Kh1 Bxb2 26. Rxa7 Bd4 27. Ra6 Rec8 28. Bh6 Ra8 29. Rxa8 Rxa8 30. c3 Bg7 31. Bxg7 Kxg7 32. Nb6 Rxa2 33.
Nd7 Rc2 34. Rf3 d4 35. cxd4 Nxd4 36. Rg3+ Kf7 37. Ne5+ Ke6 38. Ng4 c5 39. Re3+ Kf5 40. Nh6+ Kg6 41. Ng4 Rc1+ 42. Kh2 c4 43. Re5 c3 44. Rc5 Ne2 45. Ne3 Kf6 46. h4 Ke6 0-1

[Event "*** Titled Tuesday Blitz"]
[Site "Chess.com"]
[Date "2020.05.26"]
[Round "4"]
[White "DenLaz"]
[Black "WhiteCapital80"]
[Result "1-0"]
[WhiteElo "2659"]
[BlackElo "2405"]
[TimeControl "180+1"]
[EndTime "10:39:20 PDT"]
[Termination "DenLaz won by resignation"]

1. Nf3 Nf6 2. c4 e6 3. Nc3 d5 4. e3 Be7 5. b3 O-O 6. Bb2 c5 7. cxd5 Nxd5 8. Nxd5 exd5 9. d4 Nc6 10. Bd3 cxd4 11. Nxd4 Qa5+ 12. Kf1 Qd8 13. Qh5 g6 14. Qe2 Bf6 15. Nxc6 bxc6 16. Rc1 Bd7 17. h4 h5 18. g3 Re8 19. Kg2 Bg4 20. Qd2 Rc8 21. Rhe1 Qd6 22. Bf1 Re6 23. Kg1 Bf3 24. Bxf6 Rxf6 25. Qa5 Qb8 26. Qc3 Re6 27. Bh3 Bg4 28. Bxg4 hxg4 29. Qd3 Qb4 30. Qc3 a5 31. Red1 Qb6 32.
Qd4 Qxd4 33. Rxd4 Re4 34. Rxe4 dxe4 35. Rc5 a4 36. bxa4 Ra8 37. a5 Ra6 38. Kf1 f5 39. Ke2 Kf7 40. Kd2 Ke6 41. Kc3 Kd6 42. Kb4 Ra8 43. Rc2 c5+ 44. Ka4 Kc6 45. Rb2 Rd8 46.
a6 Ra8 47. Ka5 c4 48. Kb4 Rxa6 49. Kxc4 Ra3 50. Kd4 Ra5 51. Kc4 Ra4+ 52. Kb3 Ra5 53.
a4 Rd5 54. Kb4 Rd1 55. a5 Ra1 56. Rc2+ Kd5 57. Kb5 Rb1+ 58. Ka6 Ra1 59. Kb6 Rb1+ 60. Ka7 Ra1 61. a6 Ke6 62. Kb7 Rb1+ 63. Ka8 Kd5 64. a7 Rb3 65. Rc7 Rb2 66. Rb7 1-0

[Event "*** Titled Tuesday Blitz"]
[Site "Chess.com"]
[Date "2020.05.26"]
[Round "4"]
[White "MacDaddyMac"]
[Black "keepitcool9499"]
[Result "0-1"]
[WhiteElo "2257"]
[BlackElo "2432"]
[TimeControl "180+1"]
[EndTime "10:39:20 PDT"]
[Termination "keepitcool9499 won by resignation"]

1. e4 e6 2. d4 d5 3. e5 c5 4. c3 Nc6 5. Nf3 Bd7 6. Be2 f5 7. a3 Be7 8. b4 b6 9. Bb2 Nh6 10. h4 Nf7 11. b5 Na5 12. a4 O-O 13. Nbd2 Rc8 14. Ba3 Rc7 15. Nb3 Nc4 16. Bxc4 dxc4 17. Nbd2 cxd4 18. Bxe7 Qxe7 19. cxd4 c3 20. Nb3 Qb4 21. Qc2 Qc4 22. Nc1 Rd8 23. Ne2 a6 24.
bxa6 Qxa6 25. O-O Bc6 26. Nf4 Be4 27. Qa2 Qc8 28. Qxe6 Bxf3 29. gxf3 Rxd4 30. Qxc8+ Rxc8 31. Ne2 Rxh4 32. Rfc1 Rhc4 33. f4 c2 34. Ra2 g5 35.
fxg5 Nxe5 36. Ra3 Rd8 37. f4 Rd1+ 38. Kf2 Nd3+ 39. Rxd3 Rxd3 40. Ke1 Rd1+ 41. Rxd1 cxd1=Q+ 42. Kxd1 Rxa4 43. Kd2 Kg7 44. Ke3 Kg6 45. Nc3 Ra3 46.
Kd4 Rxc3 47. Kxc3 Kh5 48. Kd4 Kg4 49. Ke5 b5 50. Kf6 b4 51. Kg7 b3 52. Kxh7 b2 53. g6 b1=Q 54. g7 Qb7 55. Kh6 Qxg7+ 56. Kxg7 Kxf4 57. Kh6 Kg4 58. Kg6 f4 59. Kf6 f3 60. Ke5 f2 61. Kd4 f1=Q 62. Ke3 Qf4+ 63. Ke2 Qf3+ 64. Kd2 Kf4 65. Ke1 Qe3+ 66. Kf1 Qd2 0-1

[Event "*** Titled Tuesday Blitz"]
[Site "Chess.com"]
[Date "2020.05.26"]
[Round "4"]
[White "rugbyclub"]
[Black "tylityli"]
[Result "0-1"]
[WhiteElo "2093"]
[BlackElo "2300"]
[TimeControl "180+1"]
[EndTime "10:39:21 PDT"]
[Termination "tylityli won on time"]

1. e4 e5 2. Nf3 Nc6 3. Bc4 Nf6 4. d3 Be7 5. O-O O-O 6. Re1 d6 7. a4 Be6 8. Nbd2 Qd7 9. a5 a6 10. c3 Rfd8 11. Nf1 Bxc4 12. dxc4 Qe6 13. Qe2 h6 14. Ng3 Bf8 15. h3 g6 16. b4 Bg7 17. Be3 Nb8 18.
Nh2 Nbd7 19. Ng4 Kh7 20. f3 Ng8 21. Nf2 f5 22. exf5 gxf5 23. Qd3 Ne7 24. f4 e4 25. Qd2 Qxc4 26. Rac1 Nf6 27. Bd4 c5 28. Be3 Rac8 29. Red1 Qe6 30. bxc5 dxc5 31. Qxd8 Rxd8 32. Rxd8 Ned5 33.
Bxc5 Nxf4 34. Rb1 Qe5 35. Bd4 Qc7 36. Ra8 Nd3 37. Nxd3 exd3 38. Nxf5 d2 39. Nxg7 Kxg7 40. Rf1 Qd7 41. Bxf6+ Kg6 42. Bd4 Qb5 43. Rg8+ Kh5 44. g4+ Kh4 45. Bf6+ Kg3 46. Bh4+ Kxh4 47. Rgf8 Qe2 48. g5 hxg5 49. Rh8+ Kg3 0-1

[Event "*** Titled Tuesday Blitz"]
[Site "Chess.com"]
[Date "2020.05.26"]
[Round "4"]
[White "maciek_92"]
[Black "AlexOstrovskiy"]
[Result "0-1"]
[WhiteElo "2808"]
[BlackElo "2631"]
[TimeControl "180+1"]
[EndTime "10:39:22 PDT"]
[Termination "AlexOstrovskiy won by resignation"]

1. e4 c6 2. d4 d5 3. e5 c5 4. dxc5 e6 5. a3 Nc6 6. Nf3 Bxc5 7. b4 Bb6 8. Bb2 Nge7 9. Bd3 Ng6 10. O-O O-O 11.
Re1 Nf4 12. Bf1 f6 13. exf6 gxf6 14. g3 Ng6 15. c4 dxc4 16. Bxc4 Nge5 17. Nxe5 Nxe5 18.
Be2 Bd7 19. Nc3 Rc8 20. Qb3 Qe7 21. Ne4 Bc6 22. Nc5 Bxc5 23. bxc5 Bd5 24. Qe3 Rxc5 25. Bxe5 fxe5 26. Qxe5 Rc2 27. Rac1 Qc5 28. Qg5+ Kh8 29. Qe3 Qxe3 30. fxe3 Rfc8 31. Rxc2 Rxc2 32. g4 Rc3 33. Kf2 Rxa3 34. Rc1 Ra2 35. Rc7 b5 36. Ke1 b4 37.
Bd3 Rxh2 38. Rxa7 b3 39. e4 Rh3 40. Kd2 b2 41. Bb1 Rh2+ 42. Kc3 Bc6 43. Rc7 Bb5 44. Rc5 Be2 45. e5 Bxg4 46. Rb5 Bf5 47. Bxf5 exf5 48. e6 Re2 49. Kd3 Rxe6 50. Rxb2 Rf6 51. Rg2 Rg6 52. Ke3 Rxg2 0-1

[Event "*** Titled Tuesday Blitz"]
[Site "Chess.com"]
[Date "2020.05.26"]
[Round "4"]
[White "Fandorine"]
[Black "wild_cat99"]
[Result "1-0"]
[WhiteElo "2894"]
[BlackElo "2554"]
[TimeControl "180+1"]
[EndTime "10:39:22 PDT"]
[Termination "Fandorine won on time"]

1. e4 c5 2. Nf3 d6 3. Nc3 Nf6 4. e5 dxe5 5. Nxe5 a6 6. g3 e6 7. Bg2 Bd6 8. Nc4 Bc7 9. O-O O-O 10. a4 Nbd7 11. d3 Ne5 12. Nxe5 Bxe5 13. a5 Rb8 14. Be3 Qc7 15. Re1 Bd4 16. Bf4 e5 17. Bg5 Bg4 18. Qd2 Qd6 19. Bxf6 Qxf6 20. Ne4 Qg6 21. c3 f5 22.
cxd4 fxe4 23. Bxe4 Bf5 24. dxe5 Bxe4 25. Rxe4 Rfd8 26.
Qe3 Qe6 27. Rc1 b6 28. axb6 Rxb6 29. Qxc5 Rxd3 30. Qc8+ Qxc8 31. Rxc8+ Kf7 32. Rc7+ Kg8 33. e6 Rd8 34. Rg4 g6 35. Rf4 Rxe6 36. Rff7 h6 37.
Rg7+ Kh8 38. Rh7+ Kg8 39. h4 Rd1+ 40. Kg2 h5 41. Rcg7+ Kf8 42. Ra7 Kg8 43. Rhc7 Rd8 44. b4 Rb8 45. Rg7+ Kh8 46. Rh7+ Kg8 47. Rhd7 Rc6 48.
f4 Rcb6 49. g4 Rxb4 50. Rg7+ Kh8 51. Rxg6 hxg4 52. Kg3 1-0

[Event "*** Titled Tuesday Blitz"]
[Site "Chess.com"]
[Date "2020.05.26"]
[Round "4"]
[White "Muguet7"]
[Black "suyu28"]
[Result "1-0"]
[WhiteElo "2474"]
[BlackElo "2610"]
[TimeControl "180+1"]
[EndTime "10:39:22 PDT"]
[Termination "Muguet7 won on time"]

1. Nf3 b5 2. d4 Bb7 3. a4 b4 4. Bf4 e6 5. e3 Nf6 6. Bd3 Be7 7. O-O Nh5 8. Nbd2 Nxf4 9. exf4 O-O 10. Qe2 Bf6 11. Ne4 Be7 12. a5 a6 13. Neg5 h6 14. Ne4 Nc6 15. c3 bxc3 16. bxc3 Qc8 17. Rfb1 Rd8 18. Nc5 Bxc5 19. dxc5 d6 20. Qe4 g6 21.
Qe3 dxc5 22. Be4 c4 23. h4 Rb8 24. h5 Ne7 25. hxg6 Nxg6 26. Bxb7 Rxb7 27. f5 Rxb1+ 28. Rxb1 exf5 29. Qxh6 Qe6 30. Ng5 Qf6 31. Re1 Qg7 32.
Qh3 f4 33. Ne4 Qe5 34. Qg4 Kg7 35. Qe2 Re8 36. f3 f5 37. Qxc4 Re7 38. Qb4 c5 39. Qc4 fxe4 40. Rxe4 Qd6 41. Rxe7+ Qxe7 42. Qxa6 Qe1+ 43.
Kh2 Qxc3 44. Qb7+ Kh6 45. a6 Nh4 46. a7 1-0

[Event "*** Titled Tuesday Blitz"]
[Site "Chess.com"]
[Date "2020.05.26"]
[Round "4"]
[White "Ziachess74"]
[Black "oneshot007"]
[Result "1-0"]
[WhiteElo "2614"]
[BlackElo "2443"]
[TimeControl "180+1"]
[EndTime "10:39:22 PDT"]
[Termination "Ziachess74 won by resignation"]

1. d4 g6 2. Nf3 Nf6 3. g3 Bg7 4. Bg2 O-O 5. O-O d6 6. b3 a5 7. Bb2 a4 8. c4 Ne4 9. Nfd2 Nxd2 10.
Nxd2 a3 11. Bc3 c5 12. Nf3 Nc6 13. Rc1 Bg4 14. e3 cxd4 15. exd4 Qd7 16. d5 Bxf3 17.
Bxf3 Ne5 18. Bg2 b5 19. f4 Ng4 20. Bxg7 Kxg7 21. Qd4+ Nf6 22. c5 dxc5 23. Rxc5 Rac8 24.
b4 Rfd8 25. Rd1 Kg8 26. h3 Ne8 27. Re1 Nd6 28. g4 Nc4 29. Kh2 e6 30. Rd1 Rxc5 31.
bxc5 exd5 32. Qxd5 Qxd5 33. Rxd5 Rc8 34. c6 Ne3 35. Rc5 Nxg2 36. Kxg2 b4 37. Kf3 Kf8 38. Ke4 Ke7 39. Kd5 b3 40. axb3 Ra8 41. Rc1 a2 42. Re1+ Kd8 43. Ra1 Kc7 44. b4 Ra3 45. Kc5 Rc3+ 46.
Kd5 Rc2 47. b5 Rb2 48. Kc5 Rc2+ 49. Kb4 Kb6 50. Kb3 Rh2 51. Rxa2 Rxh3+ 52. Kc4 Re3 53. Ra6+ Kc7 54. Kc5 Rc3+ 55. Kd4 Rf3 56. Ra7+ Kb6 57. Rb7+ Ka5 58. c7 Rxf4+ 59. Kd5 1-0

[Event "*** Titled Tuesday Blitz"]
[Site "Chess.com"]
[Date "2020.05.26"]
[Round "4"]
[White "Perecke"]
[Black "WonderChampion"]
[Result "1-0"]
[WhiteElo "2197"]
[BlackElo "1920"]
[TimeControl "180+1"]
[EndTime "10:39:22 PDT"]
[Termination "Perecke won by checkmate"]

1. e4 c5 2. Nf3 g6 3. d4 cxd4 4.
Nxd4 Nc6 5. Nc3 Bg7 6. Be3 Nf6 7. Be2 O-O 8. O-O d5 9. Nxc6 bxc6 10. e5 Ne8 11. f4 Nc7 12. Bf3 Be6 13. Qe2 a5 14. Rfd1 Qc8 15. Na4 Qa6 16. Qf2 Qb5 17. b3 f6 18.
exf6 Bxf6 19. Bd4 Bg7 20. Bxg7 Kxg7 21. Qd4+ Kg8 22. Re1 Rf7 23. Nc5 Bf5 24. c4 dxc4 25.
bxc4 Qb6 26. g4 Bc8 27. Rab1 Qa7 28. Bxc6 Rb8 29. Rxb8 Qxb8 30. Qd8+ Kg7 31. Bb7 Qa7 32. Qxc7 Bxb7 33. Qe5+ Kg8 34. Qe3 Bc6 35. Rd1 Qc7 36. Ne6 Qc8 37. Rd8+ Qxd8 38. Nxd8 Bd7 39. Ne6 Bxe6 40.
Qxe6 Kg7 41. f5 gxf5 42. gxf5 h6 43. Kg2 Kg8 44. Kg3 Kf8 45. Kf4 Rf6 46. Qc8+ Kf7 47. c5 Kg7 48. Ke5 Kf7 49. c6 h5 50. c7 Rc6 51. Qe6+ Rxe6+ 52. fxe6+ Kg6 53. c8=Q Kg5 54. Qg8+ Kh4 55. Qg3# 1-0

[Event "*** Titled Tuesday Blitz"]
[Site "Chess.com"]
[Date "2020.05.26"]
[Round "4"]
[White "sergiochess83"]
[Black "vanea_03"]
[Result "1-0"]
[WhiteElo "2857"]
[BlackElo "2682"]
[TimeControl "180+1"]
[EndTime "10:39:23 PDT"]
[Termination "sergiochess83 won by resignation"]

1. e4 e5 2. Nf3 Nc6 3. Bb5 a6 4.
Ba4 Nf6 5. O-O Bc5 6. c3 b5 7. Bb3 d6 8. d4 Bb6 9. a4 Rb8 10.
a5 Ba7 11. h3 O-O 12. Be3 exd4 13. cxd4 Nb4 14. Nc3 Bb7 15. Bg5 h6 16. Bh4 c5 17.
Re1 c4 18. Bc2 g5 19. Bg3 Nxc2 20. Qxc2 Nh5 21. Bh2 Rc8 22. Nd5 Bxd5 23. exd5 Qd7 24. Nd2 Bxd4 25. Ne4 Be5 26. Bxe5 dxe5 27. Qe2 g4 28.
Qxg4+ Qxg4 29. hxg4 f5 30. gxf5 Rcd8 31. g4 Nf4 32. d6 Nd3 33. Re2 h5 34. f3 Kg7 35.
Rd2 hxg4 36. fxg4 Rh8 37. Rad1 Rh4 38. Rg2 Nf4 39. Rg3 Ne2+ 40. Kg2 Nxg3 41. Kxg3 Rhh8 42.
Nc5 Kf7 43. d7 Rhg8 44. Ne6 b4 45. Nxd8+ Rxd8 46. Kf3 c3 47. bxc3 bxc3 48. Ke4 c2 49.
Rc1 Kf6 50. Rxc2 Rxd7 51. Rc6+ 1-0

[Event "*** Titled Tuesday Blitz"]
[Site "Chess.com"]
[Date "2020.05.26"]
[Round "4"]
[White "Azoulas1"]
[Black "valeriocarnicelli"]
[Result "0-1"]
[WhiteElo "1989"]
[BlackElo "2568"]
[TimeControl "180+1"]
[EndTime "10:39:23 PDT"]
[Termination "valeriocarnicelli won by resignation"]

1. e4 e5 2. Nf3 Nc6 3. Bb5 f5 4. d3 fxe4 5. dxe4 Nf6 6. Qd3 Bc5 7. O-O d6 8. Qc4 Bd7 9. Nc3 Qe7 10. Nd5 Nxd5 11. exd5 Nd4 12. Nxd4 Bxd4 13. Bxd7+ Qxd7 14. a4 a6 15. Be3 Bxe3 16. fxe3 O-O-O 17. Qe4 Qe7 18. Rf2 Rdf8 19. Raf1 g6 20. Qg4+ Kb8 21. e4 Ka7 22. b3 Rxf2 23. Rxf2 Rf8 24. h3 Rxf2 25. Kxf2 c6 26. dxc6 bxc6 27. Qc8 Qf7+ 28. Kg1 Qb7 29. Qxb7+ Kxb7 30. Kf2 d5 31. Ke3 Kb6 32. Kd3 a5 33. c3 Kc5 34. Ke3 h6 35. Kd3 h5 36.
h4 Kb6 37. Ke3 Kc7 38. Kd3 Kd7 39. g3 Kd6 40. Ke3 c5 41. Kd3 Ke6 42. Ke3 d4+ 43.
Kd3 Kf6 44. Kc4 g5 45. hxg5+ Kxg5 46. b4 axb4 47. cxb4 cxb4 48. Kxb4 Kg4 49. a5 Kf3 50.
a6 d3 51. Kc3 Ke3 52. a7 d2 53. a8=Q d1=Q 54. Qd5 Qd4+ 55. Kc2 Qxe4+ 56. Qxe4+ Kxe4 57. Kd2 Kf3 58. Kd3 e4+ 59. Kd2 Kf2 60. Kd1 e3 61. Kc2 e2 62. g4 h4 63. g5 e1=Q 64.
g6 Qe4+ 65. Kc3 Qxg6 66. Kb3 Qc6 0-1

[Event "*** Titled Tuesday Blitz"]
[Site "Chess.com"]
[Date "2020.05.26"]
[Round "4"]
[White "SaraciNderim"]
[Black "slowdgehammer"]
[Result "0-1"]
[WhiteElo "2750"]
[BlackElo "2354"]
[TimeControl "180+1"]
[EndTime "10:39:23 PDT"]
[Termination "slowdgehammer won on time"]

1. b3 e5 2. Bb2 Nc6 3. e3 a6 4. c4 Nf6 5. Nf3 d6 6. d4 Qe7 7. Nc3 g6 8. Nd5 Qd8 9. dxe5 dxe5 10.
Nxe5 Nxd5 11. Qxd5 Bb4+ 12. Ke2 O-O 13. a3 Be7 14. Nxc6 bxc6 15. Qxd8 Rxd8 16. b4 a5 17. b5 Be6 18. Ke1 Rab8 19. Rd1 cxb5 20. cxb5 Rxd1+ 21. Kxd1 c6 22. Be5 Rd8+ 23. Kc2 cxb5 24. Bd4 b4 25. axb4 axb4 26. Bd3 b3+ 27. Kb2 Bf8 28. Rc1 Bg7 29. Bxg7 Kxg7 30. Rc3 Ra8 31. Bb1 Rd8 32. Rd3 Rc8 33. Rd2 Kf6 34. f3 g5 35. e4 h5 36. g3 h4 37. f4 hxg3 38.
hxg3 gxf4 39. gxf4 Rh8 40. e5+ Ke7 41. f5 Bd7 42.
f6+ Ke8 43. Be4 Rh5 44. Rd5 Rh2+ 45. Kc3 b2 46. Ra5 Kd8 47. Ra8+ Kc7 48. Ra7+ Kd8 49. Rb7 Re2 50. Rb4 Rxe4 0-1

[Event "*** Titled Tuesday Blitz"]
[Site "Chess.com"]
[Date "2020.05.26"]
[Round "4"]
[White "ViktoriyaTarasova"]
[Black "mortngabriel"]
[Result "0-1"]
[WhiteElo "2268"]
[BlackElo "2444"]
[TimeControl "180+1"]
[EndTime "10:39:23 PDT"]
[Termination "mortngabriel won by resignation"]

1. d4 Nf6 2. c4 e6 3. Nc3 Bb4 4. Qc2 O-O 5. Nf3 c5 6. dxc5 Na6 7. g3 Nxc5 8. Bg2 Nce4 9. O-O Nxc3 10. bxc3 Be7 11. e4 d6 12. e5 dxe5 13. Nxe5 Qc7 14. Qe2 Bd6 15. Bf4 g5 16. c5 Qxc5 17. Nd3 Qc7 18. Bxg5 Be7 19. Rac1 Bd7 20. Ne5 Bc6 21. Nxc6 bxc6 22. Bh6 Rfd8 23. Rfd1 Rac8 24. h3 c5 25. Qe3 Nd5 26. Bxd5 Rxd5 27. Rxd5 exd5 28. Qf3 Qc6 29. Bf4 Qe6 30. Kg2 Bf6 31. Qh5 Bg7 32. Bd2 Qe4+ 33.
Kg1 Qd3 34. Qg4 Re8 35. Be3 Rxe3 36. Rd1 Qxc3 37. fxe3 Qxe3+ 38. Kf1 d4 39. Re1 Qd3+ 40. Kg1 h6 41. Re8+ Kh7 42. Re1 c4 43. Qf4 c3 44.
Qxf7 Qxg3+ 45. Kf1 Qxh3+ 46. Ke2 d3+ 47. Kf2 Qh2+ 48. Kf1 Qh3+ 49. Kf2 d2 50. Re7 Qh4+ 51. Kg2 Qg5+ 52. Kf2 d1=Q 0-1

[Event "*** Titled Tuesday Blitz"]
[Site "Chess.com"]
[Date "2020.05.26"]
[Round "4"]
[White "atwalcb"]
[Black "Vandros57"]
[Result "1-0"]
[WhiteElo "2404"]
[BlackElo "2181"]
[TimeControl "180+1"]
[EndTime "10:39:23 PDT"]
[Termination "atwalcb won on time"]

1. d4 d5 2. Nf3 Nf6 3. c4 e6 4. g3 Bb4+ 5. Bd2 Be7 6. Bg2 O-O 7.
Qc2 Ne4 8. O-O Nxd2 9. Nbxd2 Nd7 10. e4 dxe4 11. Nxe4 Nf6 12. Rfd1 c6 13. h4 h6 14. Ne5 Qb6 15. c5 Qc7 16. Nc4 Rd8 17. Ncd6 Bxd6 18. Nxd6 Rxd6 19. cxd6 Qxd6 20. Qc5 Qd8 21. b4 a6 22. a4 Nd5 23. Bxd5 exd5 24. Re1 Be6 25. b5 axb5 26. axb5 Rxa1 27. Rxa1 g5 28. bxc6 bxc6 29. Qxc6 Qf6 30. hxg5 hxg5 31. Ra8+ Kg7 32. Qc3 Qf5 33.
Qe3 Qb1+ 34. Kg2 Bf5 35. Qxg5+ Bg6 36. Qe5+ f6 37. Qe7+ Kh6 38. Rh8+ Kg5 39. f4+ Kf5 40. Qe2 Qe4+ 41. Qxe4+ Kxe4 42. Kf2 Kxd4 43. Rh6 Be4 44. Rxf6 Kc3 45. Re6 Bf5 46. Re5 Be4 47. f5 Kd4 48.
Rxe4+ dxe4 49. f6 Kd3 50. Ke1 e3 51. f7 e2 52. f8=Q 1-0

[Event "*** Titled Tuesday Blitz"]
[Site "Chess.com"]
[Date "2020.05.26"]
[Round "4"]
[White "LyonBeast"]
[Black "Evgeny81"]
[Result "1-0"]
[WhiteElo "2964"]
[BlackElo "2727"]
[TimeControl "180+1"]
[EndTime "10:39:24 PDT"]
[Termination "LyonBeast won on time"]

1. Nf3 d5 2. e3 c5 3. d4 Nf6 4. Nbd2 Bg4 5. dxc5 Nc6 6. h3 Bxf3 7. Nxf3 e6 8. a3 Bxc5 9. b4 Bb6 10. Bb2 O-O 11. c4 Qe7 12. Be2 dxc4 13. O-O Rac8 14. Rc1 Rfd8 15.
Qc2 a5 16. b5 Na7 17. Bxc4 Nxb5 18. Qb3 Nd6 19. Bxe6 Qxe6 20. Qxb6 Nc4 21. Qb5 Nxb2 22. Qxb2 Qe7 23. Nd4 h6 24. Rb1 Rd7 25. a4 Rc4 26.
Rfc1 Rxc1+ 27. Rxc1 Rc7 28. Rb1 Qd7 29. Qb5 Qxb5 30. Rxb5 Ne4 31. f3 Rc1+ 32. Kh2 Nd2 33. Kg3 Nc4 34. e4 b6 35. Rd5 Rd1 36. Nb5 Rxd5 37.
exd5 Kf8 38. Kf4 Ke7 39. Ke4 Nd6+ 40. Nxd6 Kxd6 41. Kd4 f5 42. f4 g5 43. g3 gxf4 44.
gxf4 h5 45. h4 Kd7 46. Ke5 Ke7 47. d6+ Kd7 48. Kd5 b5 49. axb5 a4 50. b6 a3 51.
b7 a2 52. b8=Q a1=Q 53. Qc7+ 1-0